Flames vs Canadiens
Created - May 22, 2023 at 22:28
Goals
|
Flames |
0 |
0 |
2 |
2 |
Canadiens |
1 |
2 |
1 |
4 |
|
Shots
|
Flames |
4 |
9 |
18 |
31 |
Canadiens |
14 |
6 |
12 |
32 |
|
1st period
1. Canadiens , Kevin Shattenkirk 16 (Chris Kreider 58, Mika Zibanejad 48) at 11:21 (PP)
Penalties :
Eric Staal (Cal) for Hooking (Minor) at 11:09
2nd period
2. Canadiens , Chris Kreider 43 (Nikita Kucherov 45) at 9:57
3. Canadiens , Kevin Shattenkirk 17 (Jean-Gabriel Pageau 33, Rickard Rakell 10) at 15:56 (PP)
Penalties :
Nikita Kucherov (Mon) for Roughing (Minor) at 0:23, Jean-Gabriel Pageau (Mon) for Interference (Minor) at 5:22, Cam Fowler (Mon) for Roughing (Minor) at 10:19, Eric Staal (Cal) for Interference (Minor) at 15:53
3rd period
4. Flames , Eric Staal 38 (Brad Marchand 42) at 9:57
5. Flames , Kyle Palmieri 13 (David Ullstrom 17) at 14:51
6. Canadiens , Greg Stewart 24 (Rickard Rakell 11, Kevin Shattenkirk 39) at 15:34
Penalties :
Eric Staal (Cal) for Roughing (Minor) at 1:21, Sean Zimmerman (Mon) for Tripping (Minor) at 10:43
Goalie Stats
Christopher Gibson (Cal), 28 saves from 32 shots - (0.875), L, 14-10-0, 60:00 minutes
Robin Lehner (Mon), 29 saves from 31 shots - (0.935), W, 26-31-10, 60:00 minutes
Players Stats for Flames
Player Name G A P +/- PIM S H SB GA TA FO MP PP MP PK MP
------------------------------------------------------------------------------------
Anders Lee 0 0 0 0 0 0 0 0 0 0 4/5 7:48 0:12 0:54
Brad Marchand 0 1 1 0 0 3 1 2 0 0 1/4 21:51 4:05 1:03
Brendan Mikkelson 0 0 0 0 0 0 1 0 0 1 0/0 11:04 0:00 0:00
Bryan Rust 0 0 0 0 0 1 3 1 0 0 1/2 20:11 3:29 0:00
Christian Folin 0 0 0 -1 0 1 1 1 0 0 0/0 20:32 3:01 0:46
Colby Robak 0 0 0 0 0 1 1 0 0 1 0/0 11:50 0:00 0:46
Colin Wilson 0 0 0 1 0 0 1 0 0 0 7/9 11:48 0:00 0:20
David Ullstrom 0 1 1 1 0 2 0 0 0 0 0/0 12:57 0:20 0:55
Eric Staal 1 0 1 0 6 1 1 0 1 0 10/19 20:09 3:29 0:00
Erik Johnson 0 0 0 1 0 0 3 2 0 2 0/0 28:24 4:55 1:28
Esa Lindell 0 0 0 -1 0 3 0 0 1 0 0/0 19:46 3:01 0:00
Jimmy Hayes 0 0 0 -1 0 2 0 2 1 0 0/0 19:13 4:15 0:00
Kevin Labanc 0 0 0 0 0 3 0 0 0 0 0/0 6:53 0:12 0:00
Kyle Palmieri 1 0 1 1 0 3 1 0 1 0 4/6 12:28 0:00 1:00
Patrik Berglund 0 0 0 -1 0 4 2 1 0 0 7/19 19:13 4:15 0:00
Sami Vatanen 0 0 0 1 0 6 4 0 0 0 0/0 28:24 4:55 1:28
Tanner Pearson 0 0 0 -1 0 1 0 2 0 0 0/1 18:45 3:31 0:16
Vladimir Sobotka 0 0 0 0 0 0 2 0 0 1 0/0 6:27 0:00 0:00
Players Stats for Canadiens
Player Name G A P +/- PIM S H SB GA TA FO MP PP MP PK MP
------------------------------------------------------------------------------------
Adam Fox 0 0 0 0 0 0 0 0 0 0 0/0 16:08 1:29 0:00
Brandon Bollig 0 0 0 0 0 0 1 1 0 0 0/0 10:05 0:09 2:48
Brian Dumoulin 0 0 0 -1 0 1 1 0 0 1 0/0 12:34 0:00 2:08
Cam Fowler 0 0 0 1 2 1 1 1 0 0 0/0 28:49 0:45 3:45
Chris Kreider 1 1 2 0 0 4 1 0 0 1 0/0 18:50 1:03 0:23
Corban Knight 0 0 0 0 0 2 1 0 0 0 0/7 10:04 0:09 2:47
Greg Stewart 1 0 1 0 0 3 0 0 0 0 0/0 16:09 1:02 0:00
Jean-Gabriel Pageau 0 1 1 0 2 5 1 0 0 0 18/30 16:10 1:02 0:00
Jordan Szwarz 0 0 0 0 0 1 1 0 1 0 0/0 10:36 0:12 0:00
Kevin Shattenkirk 2 1 3 1 0 4 1 3 2 0 0/0 29:08 1:29 2:37
Mark Stuart 0 0 0 0 0 1 2 2 0 0 0/0 20:41 0:45 5:19
Mattias Tedenby 0 0 0 0 0 1 0 0 0 0 0/0 6:21 0:00 0:00
Mika Zibanejad 0 1 1 0 0 2 0 1 1 0 7/13 18:37 1:03 0:23
Mike Richards 0 0 0 0 0 0 2 0 1 0 5/13 15:10 0:00 4:46
Nikita Kucherov 0 1 1 0 2 4 0 0 0 1 0/0 18:27 1:00 0:00
Rickard Rakell 0 2 2 0 0 1 1 0 0 1 1/1 16:09 1:02 0:00
Scott Hartnell 0 0 0 0 0 1 1 1 0 0 0/1 15:09 0:00 4:45
Sean Zimmerman 0 0 0 -1 2 1 0 1 0 0 0/0 12:53 0:00 2:03
3 Stars
1 - Kevin Shattenkirk (Mon)
2 - Chris Kreider (Mon)
3 - Rickard Rakell (Mon)
Power Play
Flames - 0 on 4 Attempt(s) - 0.00%
Canadiens - 2 on 3 Attempt(s) - 66.67%
Penalty Kill
Flames - 1 on 3 Attempt(s) - 33.33%
- Score 0 goal in Penalty Kill
Canadiens - 4 on 4 Attempt(s) - 100.00%
- Score 0 goal in Penalty Kill
Team Stat
Flames - Hits : 21 - Faceoff Wins : 34 - Blocked Shots : 11 - Penalty Minutes : 6
Canadiens - Hits : 14 - Faceoff Wins : 31 - Blocked Shots : 10 - Penalty Minutes : 8
Official
Referees : Justin St. Pierre and Kendrick Nicholson
Linesman : Vaughan Rody and Derek Amell
Game Notes
No Game Note
Finance
Level 1 -- Attendance: 6000 (100.00%) -- Ticket Income $600,000
Level 2 -- Attendance: 4661 (93.22%) -- Ticket Income $279,660
Level 3 -- Attendance: 2000 (100.00%) -- Ticket Income $70,000
Level 4 -- Attendance: 3952 (98.80%) -- Ticket Income $98,800
Luxury Box -- Attendance: 1000 (100.00%) -- Ticket Income $200,000
Game was played at the Centre Bell.
Total Attendance: 17613 (97.85%)
Total Ticket Income: $1,248,460
Other Income: $187,269
Total Income: $1,435,729
Flames
5 vs 5 Forward
Center Left Wing Right Wing Time % Phy DF OF
1 Eric Staal Brad Marchand Bryan Rust 38 1 2 2
2 Patrik Berglund Tanner Pearson Jimmy Hayes 33 1 2 2
3 Colin Wilson David Ullstrom Kyle Palmieri 19 1 2 2
4 Anders Lee Vladimir Sobotka Kevin Labanc 10 1 2 2
5 vs 5 Defense
Defense Defense Time % Phy DF OF
1 Erik Johnson Sami Vatanen 40 1 2 2
2 Esa Lindell Christian Folin 30 1 2 2
3 Colby Robak Brendan Mikkelson 20 1 2 2
4 Erik Johnson Sami Vatanen 10 1 2 2
PowerPlay Forward
Center Left Wing Right Wing Time % Phy DF OF
1 Patrik Berglund Brad Marchand Jimmy Hayes 60 1 2 2
2 Eric Staal Tanner Pearson Bryan Rust 40 1 2 2
PowerPlay Defense
Defense Defense Time % Phy DF OF
1 Erik Johnson Sami Vatanen 60 1 2 2
2 Esa Lindell Christian Folin 40 1 2 2
Penalty Kill 4 Players Forward
Center Wing Time % Phy DF OF
1 Eric Staal Brad Marchand 60 1 3 1
2 Patrik Berglund Bryan Rust 40 1 3 1
Penalty Kill 4 Players Defense
Defense Defense Time % Phy DF OF
1 Erik Johnson Sami Vatanen 60 1 3 1
2 Colby Robak Christian Folin 40 1 3 1
Penalty Kill - 3 Players Forward
Forward Time % Phy DF OF
1 Eric Staal 60 1 3 1
2 Patrik Berglund 40 1 3 1
Penalty Kill - 3 Players Defense
Defense Defense Time % Phy DF OF
1 Erik Johnson Sami Vatanen 60 1 3 1
2 Colby Robak Christian Folin 40 1 3 1
4 vs 4 Forward
Center Wing Time % Phy DF OF
1 Patrik Berglund Brad Marchand 60 1 2 2
2 Eric Staal Bryan Rust 40 1 2 2
4 vs 4 Defense
Defense Defense Time % Phy DF OF
1 Erik Johnson Sami Vatanen 60 1 2 2
2 Esa Lindell Christian Folin 40 1 2 2
Last Minutes Offensive
Center Left Wing Right Wing Defense Defense
Eric Staal Brad Marchand Jimmy Hayes Erik Johnson Sami Vatanen
Last Minutes Defensive
Center Left Wing Right Wing Defense Defense
Eric Staal Brad Marchand Bryan Rust Erik Johnson Sami Vatanen
Goaltenders
Starting : Christopher Gibson
Backup : Henrik Lundqvist
Extra Forwards
Normal : Patrik Berglund, Brad Marchand, Tanner Pearson - PP : Tanner Pearson, Bryan Rust - PK : Kyle Palmieri
Extra Defensemen
Normal : Christian Folin, Colby Robak, Esa Lindell - PP : Esa Lindell - PK : Brendan Mikkelson, Colby Robak
Penalty Shots
Tanner Pearson, Eric Staal, Jimmy Hayes, Patrik Berglund, Anders Lee
Scratches
David Savard (Healthy), Jake DeBrusk (Healthy), Nathan Lieuwen (Healthy)
Canadiens
5 vs 5 Forward
Center Left Wing Right Wing Time % Phy DF OF
1 Mika Zibanejad Chris Kreider Nikita Kucherov 35 0 2 3
2 Jean-Gabriel Pageau Greg Stewart Rickard Rakell 35 0 2 3
3 Mike Richards Scott Hartnell Jordan Szwarz 20 0 2 3
4 Corban Knight Brandon Bollig Mattias Tedenby 10 0 2 3
5 vs 5 Defense
Defense Defense Time % Phy DF OF
1 Kevin Shattenkirk Cam Fowler 40 0 3 2
2 Mark Stuart Adam Fox 30 0 3 2
3 Brian Dumoulin Sean Zimmerman 20 0 3 2
4 Cam Fowler Kevin Shattenkirk 10 0 3 2
PowerPlay Forward
Center Left Wing Right Wing Time % Phy DF OF
1 Mika Zibanejad Chris Kreider Nikita Kucherov 60 0 2 3
2 Jean-Gabriel Pageau Greg Stewart Rickard Rakell 40 0 2 3
PowerPlay Defense
Defense Defense Time % Phy DF OF
1 Kevin Shattenkirk Adam Fox 60 0 2 3
2 Cam Fowler Mark Stuart 40 0 2 3
Penalty Kill 4 Players Forward
Center Wing Time % Phy DF OF
1 Mike Richards Scott Hartnell 60 0 4 1
2 Corban Knight Brandon Bollig 40 0 4 1
Penalty Kill 4 Players Defense
Defense Defense Time % Phy DF OF
1 Cam Fowler Mark Stuart 60 0 5 0
2 Sean Zimmerman Kevin Shattenkirk 40 0 5 0
Penalty Kill - 3 Players Forward
Forward Time % Phy DF OF
1 Jean-Gabriel Pageau 60 0 5 0
2 Mika Zibanejad 40 0 5 0
Penalty Kill - 3 Players Defense
Defense Defense Time % Phy DF OF
1 Cam Fowler Mark Stuart 60 0 5 0
2 Sean Zimmerman Kevin Shattenkirk 40 0 5 0
4 vs 4 Forward
Center Wing Time % Phy DF OF
1 Jean-Gabriel Pageau Chris Kreider 60 0 2 3
2 Mika Zibanejad Nikita Kucherov 40 0 2 3
4 vs 4 Defense
Defense Defense Time % Phy DF OF
1 Adam Fox Brian Dumoulin 60 0 2 3
2 Cam Fowler Mark Stuart 40 1 2 2
Last Minutes Offensive
Center Left Wing Right Wing Defense Defense
Mika Zibanejad Chris Kreider Nikita Kucherov Kevin Shattenkirk Cam Fowler
Last Minutes Defensive
Center Left Wing Right Wing Defense Defense
Jean-Gabriel Pageau Scott Hartnell Jordan Szwarz Mark Stuart Cam Fowler
Goaltenders
Starting : Robin Lehner
Backup : Allen York
Extra Forwards
Normal : Chris Kreider, Mika Zibanejad, Jean-Gabriel Pageau - PP : Chris Kreider, Mika Zibanejad - PK : Scott Hartnell
Extra Defensemen
Normal : Kevin Shattenkirk, Cam Fowler, Mark Stuart - PP : Kevin Shattenkirk - PK : Cam Fowler, Mark Stuart
Penalty Shots
Chris Kreider, Jean-Gabriel Pageau, Mika Zibanejad, Nikita Kucherov, Rickard Rakell
Scratches
Philip Larsen (Healthy)
% Time on Ice - Flames
Lines # - Real PCT - Wanted PCT - Time Play
Normal Forward
1 - 34% - 38% - 16:57
2 - 30% - 33% - 14:58
3 - 23% - 19% - 11:28
4 - 13% - 10% - 6:27
Normal Defense
1 - 39% - 40% - 19:12
2 - 34% - 30% - 16:45
3 - 22% - 20% - 11:04
4 - 6% - 10% - 2:49
PP Forward
1 - 56% - 60% - 4:27
2 - 44% - 40% - 3:29
PP Defense
1 - 62% - 60% - 4:55
2 - 38% - 40% - 3:01
PK Forward
1 - 100% - 60% - 2:14
2 - 0% - 40% - 0:00
PK Defense
1 - 66% - 60% - 1:28
2 - 34% - 40% - 0:46
PK3 Forward
1 - 0% - 60%
2 - 0% - 40%
PK3 Defense
1 - 0% - 60%
2 - 0% - 40%
44 Forward
1 - 0% - 60%
2 - 0% - 40%
44 Defense
1 - 0% - 60%
2 - 0% - 40%
Last Minute Offensive - 0:00
Last Minute Defensive - 0:00
Total
Forward - 60:00
Defense - 60:00
|
% Time on Ice - Canadiens
Lines # - Real PCT - Wanted PCT - Time Play
Normal Forward
1 - 36% - 35% - 17:43
2 - 31% - 35% - 15:22
3 - 21% - 20% - 10:24
4 - 13% - 10% - 6:21
Normal Defense
1 - 42% - 40% - 20:49
2 - 31% - 30% - 15:26
3 - 20% - 20% - 10:02
4 - 7% - 10% - 3:33
PP Forward
1 - 54% - 60% - 1:12
2 - 46% - 40% - 1:02
PP Defense
1 - 66% - 60% - 1:29
2 - 34% - 40% - 0:45
PK Forward
1 - 77% - 60% - 6:07
2 - 23% - 40% - 1:49
PK Defense
1 - 67% - 60% - 5:19
2 - 33% - 40% - 2:37
PK3 Forward
1 - 0% - 60%
2 - 0% - 40%
PK3 Defense
1 - 0% - 60%
2 - 0% - 40%
44 Forward
1 - 0% - 60%
2 - 0% - 40%
44 Defense
1 - 0% - 60%
2 - 0% - 40%
Last Minute Offensive - 0:00
Last Minute Defensive - 0:00
Total
Forward - 60:00
Defense - 60:00
|
Play-by-Play
1st period
0:01 of 1st period - Eric Staal wins face-off versus Mika Zibanejad in neutral zone.
0:17 of 1st period - Snap shot by Nikita Kucherov.
0:17 of 1st period - Stopped by Christopher Gibson without a rebound.
0:18 of 1st period - Jean-Gabriel Pageau wins face-off versus Patrik Berglund in Flames zone.
0:43 of 1st period - Scott Hartnell is hit by Colin Wilson and loses puck.
1:01 of 1st period - Icing by Esa Lindell.
1:02 of 1st period - Anders Lee wins face-off versus Corban Knight in Flames zone.
1:07 of 1st period - Corban Knight is hit by Vladimir Sobotka and loses puck.
1:12 of 1st period - Snap shot by Kevin Labanc.
1:12 of 1st period - Shot Blocked by Kevin Shattenkirk.
1:14 of 1st period - Snap shot by Vladimir Sobotka.
1:14 of 1st period - Shot Hit the Post.
2:13 of 1st period - David Ullstrom is hit by Jordan Szwarz and loses puck.
2:58 of 1st period - Brad Marchand is hit by Chris Kreider and loses puck.
3:20 of 1st period - Snap shot by Patrik Berglund.
3:20 of 1st period - Stopped by Robin Lehner with a rebound.
4:21 of 1st period - Icing by Chris Kreider.
4:22 of 1st period - Mika Zibanejad wins face-off versus Brad Marchand in Canadiens zone.
4:37 of 1st period - Wrist shot by Chris Kreider.
4:37 of 1st period - Shot Misses the Net.
4:39 of 1st period - Backhand shot by Mark Stuart.
4:39 of 1st period - Stopped by Christopher Gibson without a rebound.
4:40 of 1st period - Jean-Gabriel Pageau wins face-off versus Patrik Berglund in Flames zone.
4:55 of 1st period - Wrist shot by Jimmy Hayes.
4:55 of 1st period - Stopped by Robin Lehner with a rebound.
5:26 of 1st period - Snap shot by Mattias Tedenby.
5:26 of 1st period - Deflect By Eric Staal.
5:26 of 1st period - Stopped by Christopher Gibson with a rebound.
6:16 of 1st period - Wrist shot by Greg Stewart.
6:16 of 1st period - Shot Blocked by Bryan Rust.
6:57 of 1st period - Sean Zimmerman is hit by Sami Vatanen and loses puck.
7:59 of 1st period - Snap shot by Jean-Gabriel Pageau.
7:59 of 1st period - Stopped by Christopher Gibson without a rebound.
8:00 of 1st period - Jean-Gabriel Pageau wins face-off versus Colin Wilson in Flames zone.
9:18 of 1st period - Snap shot by Jean-Gabriel Pageau.
9:18 of 1st period - Stopped by Christopher Gibson with a rebound.
9:26 of 1st period - Snap shot by Jean-Gabriel Pageau.
9:26 of 1st period - Stopped by Christopher Gibson without a rebound.
9:27 of 1st period - Colin Wilson wins face-off versus Mika Zibanejad in Flames zone.
10:15 of 1st period - Snap shot by Corban Knight.
10:15 of 1st period - Stopped by Christopher Gibson with a rebound.
10:47 of 1st period - Icing by Christian Folin.
10:48 of 1st period - Colin Wilson wins face-off versus Mike Richards in Flames zone.
11:09 of 1st period - Minor Penalty to Eric Staal for Hooking.
11:10 of 1st period - Kyle Palmieri wins face-off versus Mika Zibanejad in Flames zone.
11:21 of 1st period - Wrist shot by Kevin Shattenkirk.
11:21 of 1st period - Goal by Kevin Shattenkirk - Flames : 0 - Canadiens : 1.
11:22 of 1st period - Mika Zibanejad wins face-off versus Patrik Berglund in neutral zone.
11:29 of 1st period - Slapshot by Nikita Kucherov.
11:29 of 1st period - Shot Blocked by Tanner Pearson.
11:31 of 1st period - Slapshot by Mika Zibanejad.
11:31 of 1st period - Deflect By Nikita Kucherov.
11:31 of 1st period - Shot Misses the Net.
11:31 of 1st period - Puck is out of play.
11:32 of 1st period - Mika Zibanejad wins face-off versus Patrik Berglund in Flames zone.
11:43 of 1st period - Slapshot by Nikita Kucherov.
11:43 of 1st period - Stopped by Christopher Gibson without a rebound.
11:44 of 1st period - Eric Staal wins face-off versus Jean-Gabriel Pageau in Flames zone.
12:16 of 1st period - Snap shot by Mika Zibanejad.
12:16 of 1st period - Shot Blocked by Erik Johnson.
12:38 of 1st period - Wrist shot by Jordan Szwarz.
12:38 of 1st period - Stopped by Christopher Gibson with a rebound.
12:40 of 1st period - Snap shot by Scott Hartnell.
12:40 of 1st period - Shot Misses the Net.
12:42 of 1st period - Snap shot by Kevin Shattenkirk.
12:42 of 1st period - Shot Misses the Net.
13:01 of 1st period - Off-side.
13:02 of 1st period - Jean-Gabriel Pageau wins face-off versus Eric Staal in neutral zone.
14:03 of 1st period - Brian Dumoulin is hit by Sami Vatanen and loses puck.
14:20 of 1st period - Wrist shot by Jean-Gabriel Pageau.
14:20 of 1st period - Stopped by Christopher Gibson without a rebound.
14:21 of 1st period - Eric Staal wins face-off versus Jean-Gabriel Pageau in Flames zone.
14:21 of 1st period - Eric Staal is hit by Jean-Gabriel Pageau.
14:47 of 1st period - Christian Folin is hit by Kevin Shattenkirk and loses puck.
15:16 of 1st period - Snap shot by Kyle Palmieri.
15:16 of 1st period - Stopped by Robin Lehner without a rebound.
15:17 of 1st period - Jean-Gabriel Pageau wins face-off versus Eric Staal in Canadiens zone.
15:55 of 1st period - Snap shot by Scott Hartnell.
15:55 of 1st period - Stopped by Christopher Gibson without a rebound.
15:56 of 1st period - Patrik Berglund wins face-off versus Scott Hartnell in Flames zone.
16:17 of 1st period - Slapshot by Jordan Szwarz.
16:17 of 1st period - Shot Blocked by Jimmy Hayes.
16:19 of 1st period - Snap shot by Jordan Szwarz.
16:19 of 1st period - Shot Blocked by Patrik Berglund.
16:21 of 1st period - Wrist shot by Jordan Szwarz.
16:21 of 1st period - Shot Misses the Net.
16:23 of 1st period - Snap shot by Adam Fox.
16:23 of 1st period - Shot Blocked by Tanner Pearson.
16:25 of 1st period - Snap shot by Scott Hartnell.
16:25 of 1st period - Shot Misses the Net.
17:14 of 1st period - Snap shot by Tanner Pearson.
17:14 of 1st period - Stopped by Robin Lehner without a rebound.
17:15 of 1st period - Mika Zibanejad wins face-off versus Eric Staal in Canadiens zone.
17:49 of 1st period - Slapshot by Cam Fowler.
17:49 of 1st period - Stopped by Christopher Gibson without a rebound.
17:50 of 1st period - Jean-Gabriel Pageau wins face-off versus Kyle Palmieri in Flames zone.
17:53 of 1st period - Snap shot by Greg Stewart.
17:53 of 1st period - Shot Misses the Net.
18:31 of 1st period - Snap shot by Chris Kreider.
18:31 of 1st period - Stopped by Christopher Gibson without a rebound.
18:32 of 1st period - Anders Lee wins face-off versus Corban Knight in Flames zone.
19:40 of 1st period - Snap shot by Kevin Labanc.
19:40 of 1st period - Shot Misses the Net.
Goals for this period are 0 for Flames vs 1 for Canadiens.
Shots for this period are 4 for Flames vs 14 for Canadiens.
2nd period
0:01 of 2nd period - Eric Staal wins face-off versus Mika Zibanejad in neutral zone.
0:04 of 2nd period - Snap shot by Brad Marchand.
0:04 of 2nd period - Shot Blocked by Mika Zibanejad.
0:23 of 2nd period - Minor Penalty to Nikita Kucherov for Roughing.
0:24 of 2nd period - Mike Richards wins face-off versus Patrik Berglund in Canadiens zone.
0:58 of 2nd period - Off-side.
0:59 of 2nd period - Mike Richards wins face-off versus Patrik Berglund in neutral zone.
1:12 of 2nd period - Wrist shot by Eric Staal.
1:12 of 2nd period - Shot Blocked by Kevin Shattenkirk.
1:14 of 2nd period - Slapshot by Eric Staal.
1:14 of 2nd period - Deflect By Tanner Pearson.
1:14 of 2nd period - Shot Blocked by Sean Zimmerman.
1:14 of 2nd period - Puck is out of play.
1:15 of 2nd period - Patrik Berglund wins face-off versus Corban Knight in Canadiens zone.
1:28 of 2nd period - Patrik Berglund is hit by Mike Richards and loses puck.
1:56 of 2nd period - Sami Vatanen is hit by Brandon Bollig and loses puck.
2:23 of 2nd period - Penalty to Nikita Kucherov is over, Nikita Kucherov is back on ice.
2:41 of 2nd period - Wrist shot by Kyle Palmieri.
2:41 of 2nd period - Stopped by Robin Lehner without a rebound.
2:42 of 2nd period - Jean-Gabriel Pageau wins face-off versus Anders Lee in Canadiens zone.
2:42 of 2nd period - Jean-Gabriel Pageau is hit by Colby Robak.
3:18 of 2nd period - Kevin Shattenkirk is hit by Bryan Rust and loses puck.
3:31 of 2nd period - Nikita Kucherov is hit by Brendan Mikkelson and loses puck.
3:48 of 2nd period - Kevin Shattenkirk is hit by Brad Marchand and loses puck.
4:14 of 2nd period - Icing by Brendan Mikkelson.
4:15 of 2nd period - Eric Staal wins face-off versus Jean-Gabriel Pageau in Flames zone.
4:45 of 2nd period - Wrist shot by Patrik Berglund.
4:45 of 2nd period - Shot Misses the Net.
4:47 of 2nd period - Slapshot by Sami Vatanen.
4:47 of 2nd period - Stopped by Robin Lehner with a rebound.
4:49 of 2nd period - Snap shot by Jimmy Hayes.
4:49 of 2nd period - Stopped by Robin Lehner with a rebound.
4:51 of 2nd period - Snap shot by Patrik Berglund.
4:51 of 2nd period - Shot Misses the Net.
5:09 of 2nd period - Snap shot by Corban Knight.
5:09 of 2nd period - Stopped by Christopher Gibson with a rebound.
5:11 of 2nd period - Slapshot by Sean Zimmerman.
5:11 of 2nd period - Deflect By Corban Knight.
5:11 of 2nd period - Shot Misses the Net.
5:11 of 2nd period - Puck is out of play.
5:12 of 2nd period - Patrik Berglund wins face-off versus Jean-Gabriel Pageau in Flames zone.
5:22 of 2nd period - Minor Penalty to Jean-Gabriel Pageau for Interference.
5:23 of 2nd period - Patrik Berglund wins face-off versus Mike Richards in Canadiens zone.
5:31 of 2nd period - Slapshot by Brad Marchand.
5:31 of 2nd period - Shot Misses the Net.
7:16 of 2nd period - Kevin Shattenkirk is hit by Erik Johnson and loses puck.
7:22 of 2nd period - Penalty to Jean-Gabriel Pageau is over, Jean-Gabriel Pageau is back on ice.
8:25 of 2nd period - Patrik Berglund is hit by Cam Fowler and loses puck.
8:44 of 2nd period - Kevin Labanc is hit by Brian Dumoulin.
9:20 of 2nd period - Erik Johnson is hit by Scott Hartnell and loses puck.
9:50 of 2nd period - Bryan Rust is hit by Mark Stuart and loses puck.
9:57 of 2nd period - Wrist shot by Chris Kreider.
9:57 of 2nd period - Goal by Chris Kreider - Flames : 0 - Canadiens : 2.
9:58 of 2nd period - Jean-Gabriel Pageau wins face-off versus Patrik Berglund in neutral zone.
10:13 of 2nd period - Snap shot by Jimmy Hayes.
10:13 of 2nd period - Shot Misses the Net.
10:19 of 2nd period - Minor Penalty to Cam Fowler for Roughing.
10:20 of 2nd period - Mike Richards wins face-off versus Patrik Berglund in Canadiens zone.
10:20 of 2nd period - Mike Richards is hit by Patrik Berglund.
10:55 of 2nd period - Slapshot by Sami Vatanen.
10:55 of 2nd period - Stopped by Robin Lehner with a rebound.
10:57 of 2nd period - Wrist shot by Erik Johnson.
10:57 of 2nd period - Shot Blocked by Brandon Bollig.
12:19 of 2nd period - Penalty to Cam Fowler is over, Cam Fowler is back on ice.
12:31 of 2nd period - Slapshot by Cam Fowler.
12:31 of 2nd period - Deflect By Corban Knight.
12:31 of 2nd period - Shot Misses the Net.
12:31 of 2nd period - Puck is out of play.
12:32 of 2nd period - Jean-Gabriel Pageau wins face-off versus Colin Wilson in Flames zone.
12:37 of 2nd period - Snap shot by Jean-Gabriel Pageau.
12:37 of 2nd period - Shot Misses the Net.
12:47 of 2nd period - Wrist shot by David Ullstrom.
12:47 of 2nd period - Stopped by Robin Lehner without a rebound.
12:48 of 2nd period - Mika Zibanejad wins face-off versus Tanner Pearson in Canadiens zone.
13:04 of 2nd period - Slapshot by Christian Folin.
13:04 of 2nd period - Shot Misses the Net.
13:25 of 2nd period - Snap shot by Jean-Gabriel Pageau.
13:25 of 2nd period - Stopped by Christopher Gibson without a rebound.
13:26 of 2nd period - Mika Zibanejad wins face-off versus Patrik Berglund in Flames zone.
13:38 of 2nd period - Slapshot by Tanner Pearson.
13:38 of 2nd period - Shot Blocked by Mark Stuart.
13:40 of 2nd period - Snap shot by Sami Vatanen.
13:40 of 2nd period - Stopped by Robin Lehner without a rebound.
13:41 of 2nd period - Jean-Gabriel Pageau wins face-off versus Eric Staal in Canadiens zone.
13:46 of 2nd period - Eric Staal is hit by Rickard Rakell and loses puck.
14:13 of 2nd period - Icing by Erik Johnson.
14:14 of 2nd period - Patrik Berglund wins face-off versus Mika Zibanejad in Flames zone.
14:23 of 2nd period - Slapshot by Jimmy Hayes.
14:23 of 2nd period - Deflect By Patrik Berglund.
14:23 of 2nd period - Stopped by Robin Lehner with a rebound.
14:31 of 2nd period - Jimmy Hayes is hit by Mark Stuart and loses puck.
14:38 of 2nd period - Snap shot by Chris Kreider.
14:38 of 2nd period - Shot Misses the Net.
14:50 of 2nd period - Snap shot by Nikita Kucherov.
14:50 of 2nd period - Shot Misses the Net.
15:08 of 2nd period - Wrist shot by Nikita Kucherov.
15:08 of 2nd period - Stopped by Christopher Gibson with a rebound.
15:20 of 2nd period - Slapshot by Chris Kreider.
15:20 of 2nd period - Shot Misses the Net.
15:26 of 2nd period - Chris Kreider is hit by Patrik Berglund and loses puck.
15:35 of 2nd period - Wrist shot by Patrik Berglund.
15:35 of 2nd period - Stopped by Robin Lehner without a rebound.
15:36 of 2nd period - Jean-Gabriel Pageau wins face-off versus Eric Staal in Canadiens zone.
15:36 of 2nd period - Jean-Gabriel Pageau is hit by Bryan Rust.
15:53 of 2nd period - Minor Penalty to Eric Staal for Interference.
15:54 of 2nd period - Rickard Rakell wins face-off versus Kyle Palmieri in Flames zone.
15:54 of 2nd period - Snap shot by Jean-Gabriel Pageau.
15:54 of 2nd period - Shot Misses the Net.
15:56 of 2nd period - Slapshot by Kevin Shattenkirk.
15:56 of 2nd period - Goal by Kevin Shattenkirk - Flames : 0 - Canadiens : 3.
15:57 of 2nd period - Eric Staal wins face-off versus Jean-Gabriel Pageau in neutral zone.
16:04 of 2nd period - Slapshot by Brad Marchand.
16:04 of 2nd period - Stopped by Robin Lehner with a rebound.
16:58 of 2nd period - Slapshot by Jordan Szwarz.
16:58 of 2nd period - Shot Blocked by Christian Folin.
17:00 of 2nd period - Snap shot by Jordan Szwarz.
17:00 of 2nd period - Deflect By Mike Richards.
17:00 of 2nd period - Shot Misses the Net.
17:00 of 2nd period - Puck is out of play.
17:01 of 2nd period - Eric Staal wins face-off versus Jean-Gabriel Pageau in Flames zone.
17:20 of 2nd period - Mark Stuart is hit by Eric Staal and loses puck.
18:15 of 2nd period - David Ullstrom is hit by Corban Knight and loses puck.
19:05 of 2nd period - Wrist shot by Jimmy Hayes.
19:05 of 2nd period - Shot Misses the Net.
19:07 of 2nd period - Slapshot by Colby Robak.
19:07 of 2nd period - Deflect By Jimmy Hayes.
19:07 of 2nd period - Shot Blocked by Cam Fowler.
19:07 of 2nd period - Puck is out of play.
19:08 of 2nd period - Jean-Gabriel Pageau wins face-off versus Patrik Berglund in Canadiens zone.
19:15 of 2nd period - Slapshot by Kevin Shattenkirk.
19:15 of 2nd period - Stopped by Christopher Gibson with a rebound.
19:56 of 2nd period - Kevin Shattenkirk is hit by Erik Johnson and loses puck.
Goals for this period are 0 for Flames vs 2 for Canadiens.
Shots for this period are 9 for Flames vs 6 for Canadiens.
3rd period
0:01 of 3rd period - Jean-Gabriel Pageau wins face-off versus Eric Staal in neutral zone.
0:08 of 3rd period - Wrist shot by Rickard Rakell.
0:08 of 3rd period - Stopped by Christopher Gibson with a rebound.
0:23 of 3rd period - Icing by Greg Stewart.
0:24 of 3rd period - Jean-Gabriel Pageau wins face-off versus Patrik Berglund in Canadiens zone.
0:33 of 3rd period - Snap shot by Chris Kreider.
0:33 of 3rd period - Stopped by Christopher Gibson without a rebound.
0:34 of 3rd period - Eric Staal wins face-off versus Mika Zibanejad in Flames zone.
0:39 of 3rd period - Nikita Kucherov is hit by Bryan Rust and loses puck.
1:12 of 3rd period - Wrist shot by Eric Staal.
1:12 of 3rd period - Deflect By Bryan Rust.
1:12 of 3rd period - Stopped by Robin Lehner with a rebound.
1:21 of 3rd period - Minor Penalty to Eric Staal for Roughing.
1:22 of 3rd period - Kyle Palmieri wins face-off versus Jean-Gabriel Pageau in Flames zone.
1:32 of 3rd period - Wrist shot by Greg Stewart.
1:32 of 3rd period - Shot Blocked by Brad Marchand.
1:34 of 3rd period - Wrist shot by Greg Stewart.
1:34 of 3rd period - Shot Misses the Net.
1:36 of 3rd period - Snap shot by Greg Stewart.
1:36 of 3rd period - Stopped by Christopher Gibson with a rebound.
1:38 of 3rd period - Slapshot by Adam Fox.
1:38 of 3rd period - Shot Blocked by Brad Marchand.
3:11 of 3rd period - Mika Zibanejad is hit by Sami Vatanen and loses puck.
3:21 of 3rd period - Penalty to Eric Staal is over, Eric Staal is back on ice.
3:50 of 3rd period - Slapshot by Christian Folin.
3:50 of 3rd period - Deflect By Kevin Labanc.
3:50 of 3rd period - Stopped by Robin Lehner without a rebound.
3:51 of 3rd period - Anders Lee wins face-off versus Mike Richards in Canadiens zone.
3:56 of 3rd period - Snap shot by Kevin Labanc.
3:56 of 3rd period - Stopped by Robin Lehner without a rebound.
3:57 of 3rd period - Jean-Gabriel Pageau wins face-off versus Patrik Berglund in Canadiens zone.
4:19 of 3rd period - Icing by Greg Stewart.
4:20 of 3rd period - Mika Zibanejad wins face-off versus Eric Staal in Canadiens zone.
4:47 of 3rd period - Kevin Shattenkirk is hit by Sami Vatanen.
4:57 of 3rd period - Snap shot by Chris Kreider.
4:57 of 3rd period - Shot Blocked by Erik Johnson.
5:05 of 3rd period - Snap shot by Mika Zibanejad.
5:05 of 3rd period - Stopped by Christopher Gibson without a rebound.
5:06 of 3rd period - Brad Marchand wins face-off versus Jean-Gabriel Pageau in Flames zone.
5:11 of 3rd period - Snap shot by Brad Marchand.
5:11 of 3rd period - Stopped by Robin Lehner without a rebound.
5:12 of 3rd period - Jean-Gabriel Pageau wins face-off versus Eric Staal in Canadiens zone.
5:17 of 3rd period - Rickard Rakell is hit by Christian Folin and loses puck.
7:14 of 3rd period - Snap shot by Bryan Rust.
7:14 of 3rd period - Shot Hit the Post.
8:18 of 3rd period - Snap shot by Chris Kreider.
8:18 of 3rd period - Stopped by Christopher Gibson with a rebound.
8:30 of 3rd period - Wrist shot by Mika Zibanejad.
8:30 of 3rd period - Stopped by Christopher Gibson with a rebound.
8:42 of 3rd period - Slapshot by Sami Vatanen.
8:42 of 3rd period - Stopped by Robin Lehner without a rebound.
8:43 of 3rd period - Eric Staal wins face-off versus Jean-Gabriel Pageau in Canadiens zone.
8:46 of 3rd period - Wrist shot by Eric Staal.
8:46 of 3rd period - Shot Misses the Net.
8:48 of 3rd period - Snap shot by Brad Marchand.
8:48 of 3rd period - Shot Blocked by Mark Stuart.
9:21 of 3rd period - Wrist shot by Tanner Pearson.
9:21 of 3rd period - Shot Hit the Post.
9:37 of 3rd period - Wrist shot by Kevin Labanc.
9:37 of 3rd period - Shot Misses the Net.
9:39 of 3rd period - Slapshot by Esa Lindell.
9:39 of 3rd period - Stopped by Robin Lehner with a rebound.
9:41 of 3rd period - Slapshot by Anders Lee.
9:41 of 3rd period - Deflect By Kevin Labanc.
9:41 of 3rd period - Stopped by Robin Lehner without a rebound.
9:42 of 3rd period - Bryan Rust wins face-off versus Jean-Gabriel Pageau in Canadiens zone.
9:57 of 3rd period - Snap shot by Eric Staal.
9:57 of 3rd period - Goal by Eric Staal - Flames : 1 - Canadiens : 3.
9:58 of 3rd period - Jean-Gabriel Pageau wins face-off versus Bryan Rust in neutral zone.
10:30 of 3rd period - Snap shot by David Ullstrom.
10:30 of 3rd period - Stopped by Robin Lehner without a rebound.
10:31 of 3rd period - Colin Wilson wins face-off versus Mike Richards in Canadiens zone.
10:43 of 3rd period - Minor Penalty to Sean Zimmerman for Tripping.
10:44 of 3rd period - Mike Richards wins face-off versus Brad Marchand in Canadiens zone.
10:54 of 3rd period - Wrist shot by Patrik Berglund.
10:54 of 3rd period - Stopped by Robin Lehner with a rebound.
10:56 of 3rd period - Slapshot by Sami Vatanen.
10:56 of 3rd period - Stopped by Robin Lehner without a rebound.
10:57 of 3rd period - Patrik Berglund wins face-off versus Mike Richards in Canadiens zone.
11:22 of 3rd period - Mark Stuart is hit by Erik Johnson and loses puck.
11:29 of 3rd period - Slapshot by Christian Folin.
11:29 of 3rd period - Stopped by Robin Lehner without a rebound.
11:30 of 3rd period - Patrik Berglund wins face-off versus Mike Richards in Canadiens zone.
12:43 of 3rd period - Penalty to Sean Zimmerman is over, Sean Zimmerman is back on ice.
12:53 of 3rd period - Snap shot by Brandon Bollig.
12:53 of 3rd period - Shot Misses the Net.
12:55 of 3rd period - Snap shot by Brian Dumoulin.
12:55 of 3rd period - Stopped by Christopher Gibson with a rebound.
12:57 of 3rd period - Snap shot by Sean Zimmerman.
12:57 of 3rd period - Stopped by Christopher Gibson without a rebound.
12:58 of 3rd period - Kyle Palmieri wins face-off versus Jean-Gabriel Pageau in Flames zone.
13:49 of 3rd period - Snap shot by Eric Staal.
13:49 of 3rd period - Deflect By Brad Marchand.
13:49 of 3rd period - Shot Misses the Net.
13:49 of 3rd period - Puck is out of play.
13:50 of 3rd period - Jean-Gabriel Pageau wins face-off versus Brad Marchand in Canadiens zone.
14:17 of 3rd period - Snap shot by Jordan Szwarz.
14:17 of 3rd period - Shot Blocked by Jimmy Hayes.
14:49 of 3rd period - Wrist shot by David Ullstrom.
14:49 of 3rd period - Shot Misses the Net.
14:51 of 3rd period - Slapshot by Kyle Palmieri.
14:51 of 3rd period - Goal by Kyle Palmieri - Flames : 2 - Canadiens : 3.
14:52 of 3rd period - Eric Staal wins face-off versus Jean-Gabriel Pageau in neutral zone.
15:30 of 3rd period - Slapshot by Greg Stewart.
15:30 of 3rd period - Stopped by Christopher Gibson with a rebound.
15:32 of 3rd period - Snap shot by Rickard Rakell.
15:32 of 3rd period - Shot Misses the Net.
15:34 of 3rd period - Snap shot by Greg Stewart.
15:34 of 3rd period - Goal by Greg Stewart - Flames : 2 - Canadiens : 4.
15:35 of 3rd period - Mike Richards wins face-off versus Eric Staal in neutral zone.
15:46 of 3rd period - Snap shot by Eric Staal.
15:46 of 3rd period - Shot Misses the Net.
15:50 of 3rd period - Wrist shot by Brad Marchand.
15:50 of 3rd period - Stopped by Robin Lehner with a rebound.
16:27 of 3rd period - Tanner Pearson is hit by Mike Richards and loses puck.
16:36 of 3rd period - Slapshot by Esa Lindell.
16:36 of 3rd period - Stopped by Robin Lehner with a rebound.
16:57 of 3rd period - Slapshot by Kevin Shattenkirk.
16:57 of 3rd period - Stopped by Christopher Gibson without a rebound.
16:58 of 3rd period - Colin Wilson wins face-off versus Corban Knight in Flames zone.
17:09 of 3rd period - Off-side.
17:10 of 3rd period - Colin Wilson wins face-off versus Corban Knight in neutral zone.
17:40 of 3rd period - Wrist shot by Nikita Kucherov.
17:40 of 3rd period - Stopped by Christopher Gibson with a rebound.
18:28 of 3rd period - Snap shot by Jimmy Hayes.
18:28 of 3rd period - Shot Misses the Net.
18:30 of 3rd period - Slapshot by Esa Lindell.
18:30 of 3rd period - Stopped by Robin Lehner without a rebound.
18:31 of 3rd period - Kyle Palmieri wins face-off versus Corban Knight in Canadiens zone.
18:56 of 3rd period - Scott Hartnell is hit by Vladimir Sobotka and loses puck.
19:05 of 3rd period - Wrist shot by Kevin Labanc.
19:05 of 3rd period - Shot Blocked by Scott Hartnell.
19:07 of 3rd period - Snap shot by Sami Vatanen.
19:07 of 3rd period - Stopped by Robin Lehner without a rebound.
19:08 of 3rd period - Colin Wilson wins face-off versus Corban Knight in Canadiens zone.
19:29 of 3rd period - Mattias Tedenby is hit by Kyle Palmieri and loses puck.
19:43 of 3rd period - Off-side.
19:44 of 3rd period - Anders Lee wins face-off versus Mike Richards in neutral zone.
19:47 of 3rd period - Snap shot by Brendan Mikkelson.
19:47 of 3rd period - Shot Blocked by Kevin Shattenkirk.
19:49 of 3rd period - Slapshot by Vladimir Sobotka.
19:49 of 3rd period - Shot Misses the Net.
19:51 of 3rd period - Slapshot by Colby Robak.
19:51 of 3rd period - Stopped by Robin Lehner without a rebound.
19:52 of 3rd period - Colin Wilson wins face-off versus Mike Richards in Canadiens zone.
19:55 of 3rd period - Backhand shot by Kyle Palmieri.
19:55 of 3rd period - Shot Misses the Net.
Goals for this period are 2 for Flames vs 1 for Canadiens.
Shots for this period are 18 for Flames vs 12 for Canadiens.